 Dungeon Crawl Stone Soup version 0.30-a0-57-g8b159a9891 (webtiles) character file.

Game seed: 7637271180730122036

53 Dreamer the Cudgeller (level 4, -3/40 HPs)
             Began as a Meteoran Cinder Acolyte on Sept 12, 2022.
             Was a High Priest of Ignis.
             Slain by Terence
             ... wielding a +0 flail
              (8 damage)
             ... on level 3 of the Dungeon.
             The game lasted 00:09:33 (930 turns).

Dreamer the Cudgeller (Meteoran Cinder Acolyte)      Turns: 930, Time: 00:09:33

Health: -3/40      AC:  6    Str: 18    XL:     4   Next: 32%
Magic:  7/7        EV:  9    Int: 15    God:    Ignis [*****.]
Gold:   81         SH:  0    Dex:  9    Spells: 5/5 levels left

rFire   + . .      SeeInvis .    a - -1 mace (flame)
rCold   . . .      Faith    .    (no shield)
rNeg    . . .      Spirit   .    o - +0 scale mail
rPois   .          Reflect  .    (no helmet)
rElec   .          Harm     .    (no cloak)
rCorr   .          Rampage  .    (no gloves)
Will    .....                    (no boots)
Stlth   ..........               (no amulet)
HPRegen 0.13/turn                (no ring)
MPRegen 0.10/turn                (no ring)

@: glowing
A: sense surroundings 1, otherworldly, glowing, explore regen
a: Renounce Religion, Fiery Armour, Foxfire Swarm, Rising Flame


You were on level 3 of the Dungeon.
You worshipped Ignis.
Ignis was extremely pleased with you.
You visited 1 branch of the dungeon, and saw 3 of its levels.

You collected 81 gold pieces.

Inventory:

Hand Weapons
 a - a -1 mace of flaming (weapon)
Armour
 o - a +0 scale mail (worn)
Jewellery
 f - a ring of magical power
Scrolls
 b - 2 scrolls of summoning {unknown}
 c - a scroll of enchant armour {unknown}
 d - a scroll of blinking {unknown}
 g - 4 scrolls of identify {unknown}
 h - a scroll of vulnerability {unknown}
 j - a scroll of silence {unknown}
 m - a scroll of noise {unknown}
Potions
 e - a potion of berserk rage {unknown}
 i - a potion of mutation {unknown}
 l - a potion of brilliance {unknown}
 n - a potion of invisibility {unknown}


   Skills:
 + Level 3.7 Fighting
 * Level 5.0 Maces & Flails
 + Level 1.5 Armour
 + Level 1.7 Dodging
 - Level 1.3 Spellcasting
 - Level 3.6 Fire Magic


You had 5 spell levels left.
You didn't know any spells.
Your spell library contained the following spells:

 Spells                   Type           Power      Damage    Failure   Level
 Scorch                   Fire           22%        2d6       26%         2


Dungeon Overview and Level Annotations

Branches:
Dungeon (3/15) Zot: 854

Altars:

Annotations:
D:3 Terence


Innate Abilities, Weirdness & Mutations

You passively map a small area around you.
You are easily found by Zot.
You glow in the dark.
You regain HP and MP as you explore.


Message History

Terence hits you with a +0 flail.
You barely miss Terence.
Terence is moderately wounded.
Terence hits you with a +0 flail.
You closely miss Terence.
Terence is moderately wounded.
Terence shouts, "ATTACK!!!"
Terence hits you with a +0 flail.
You hit Terence but do no damage.
Terence is moderately wounded.
Terence hits you with a +0 flail!
You closely miss Terence.
Terence is moderately wounded.
Terence hits you with a +0 flail.
You hit Terence. You burn Terence.
Terence is moderately wounded.
Terence screams, "I want your blood!" Terence hits you but does no damage. x2
You hit Terence but do no damage.
Terence is moderately wounded.
Terence hits you with a +0 flail.
You hit Terence. You burn Terence.
Terence is heavily wounded.
Terence hits you but does no damage.
You hit Terence. You burn Terence.
Terence is severely wounded.
Terence barely misses you.
You hit Terence but do no damage.
Terence is severely wounded.
Terence barely misses you.
You hit Terence but do no damage.
Terence is severely wounded.
Terence hits you with a +0 flail.
* * * LOW HITPOINT WARNING * * *
You hit Terence but do no damage.
Terence is severely wounded.
Terence hits you with a +0 flail!
* * * LOW HITPOINT WARNING * * *
Terence attacks as you move away! Terence hits you with a +0 flail!
You die...

##### #..# ,* ##
#..# * .. , #..#
* .# *#..# ##.
#..# #.. #..# **
* #.# #..# ,,
,#@# #..###### *
*
#@######.......#
#.........####.#
* ########### *
,, , ,,, , * * *
* * *


You could see Terence.

Vanquished Creatures
  2 adders (D:2)
  A worm (D:3)
  3 dart slugs
  2 bats (D:3)
  2 endoplasms (D:1)
  3 goblins
  2 hobgoblins
  3 kobolds
  2 quokkas
  A ball python (D:3)
  4 rats
25 creatures vanquished.

Notes
Turn   | Place    | Note
-------+----------+-------------------------------------------
     0 | D:1      | Dreamer the Meteoran Cinder Acolyte began the quest for the
                  | Orb.
     0 | D:1      | Reached XP level 1. HP: 19/19 MP: 3/3
   271 | D:1      | Reached XP level 2. HP: 23/26 MP: 5/5
   497 | D:1      | Glimpsed the power of Zot.
   547 | D:1      | Glimpsed the power of Zot.
   561 | D:2      | Reached skill level 1 in Dodging
   582 | D:2      | Reached skill level 1 in Armour
   582 | D:2      | Reached XP level 3. HP: 25/31 MP: 6/6
   771 | D:2      | Reached XP level 4. HP: 39/40 MP: 7/7
   853 | D:3      | Reached skill level 5 in Maces & Flails
   911 | D:3      | Noticed Terence
   930 | D:3      | Slain by Terence

Illustrated notes

Levels and vault maps discovered:
D:1:      dpeg_arrival_round_b, layout_loops_corners
D:2:      layout_loops_ring, kennysheep_generic_room_5
D:3:      layout_basic, xom_redecorated, nicolae_uskayaw_suspiria, uniq_terence

Skill      XL: |  1  2  3  4 |
---------------+-------------+-----
Dodging        | 1 |  1.7
Armour         | 1 |  1.5
Maces & Flails | 5 |  5.0
Fighting       | |  3.7
Spellcasting   | |  1.3
Fire Magic     | |  3.6

Action                   |  1- 3 |  4- 6 || total
-------------------------+-------+-------++-------
Melee: Mace              |    57 |    39 ||    96
       Punch             |     1 |       ||     1
Armor: Ring mail         |    29 |       ||    29
       Scale mail        |     3 |    18 ||    21
Dodge: Dodged            |    20 |    15 ||    35

Table legend: (Time is in decaauts)
 A = Elapsed time spent in this place.
 B = Non-inter-level travel time spent in this place.
 C = Inter-level travel time spent in this place.
 D = Time resting spent in this place.
 E = Time spent auto-exploring this place.
 F = Levels seen in this place.
 G = Mean time per level.
                   A        B        C        D        E       F      G
               +--------+--------+--------+--------+--------+-----+--------+
         Total |    945 |    945 |      0 |      0 |    478 |   3 |  315.0 |
       Dungeon |    945 |    945 |      0 |      0 |    478 |   3 |  315.0 |
               +--------+--------+--------+--------+--------+-----+--------+

Top non-repeatable levels by time:
     D:1: 560 daAuts
     D:2: 231 daAuts
     D:3: 153 daAuts
